 Dungeon Sprint DCSS version 0.26-a0-835-g8259106e14 (webtiles) character file.

Game seed: 11335067216164393631

509 rocky1 the Arsonist (level 6, -14/32 HPs)
             Began as a Deep Elf Fire Elementalist on Nov 18, 2020.
             Was an Elder of Vehumet.
             Demolished by a death cob (25 damage)
             ... in the Dungeon (Sprint VII: "The Pits").
             The game lasted 00:06:58 (1461 turns).

rocky1 the Arsonist (Deep Elf Fire Elementalist)    Turns: 1461, Time: 00:06:59

Health: -14/32     AC:  2    Str:  5    XL:     6   Next: 98%
Magic:  17/17      EV: 18    Int: 22    God:    Vehumet [****..]
Gold:   0          SH:  0    Dex: 15    Spells: 2/18 levels left

rFire    . . .     SeeInvis .   m - +0 quarterstaff (protect)
rCold    . . .     Faith    .   (shield currently unavailable)
rNeg     . . .     Spirit   .   a - +0 robe
rPois    .         Reflect  .   (no helmet)
rElec    .         Harm     .   (no cloak)
rCorr    .         Rampage  .   (no gloves)
MR       .....     NoTele   +   (no boots)
Stlth    ++........             (no amulet)
HPRegen  0.10/turn              (no ring)
MPRegen  0.15/turn              (no ring)

@: slowed, very slow
A: no striking features
a: Renounce Religion


You were in the Dungeon.
You worshipped Vehumet.
Vehumet was greatly pleased with you.
You visited 1 branch

Inventory:

Hand Weapons
 m - a +0 quarterstaff of protection (weapon)
Armour
 a - a +0 robe (worn)
Scrolls
 i - 3 scrolls of remove curse
 j - 5 scrolls of amnesia
 k - a scroll of summoning
Potions
 c - 6 potions of curing
 d - 4 potions of heal wounds
 e - a potion of haste
 f - 3 potions of magic
 g - 3 potions of berserk rage


   Skills:
 + Level 8.9 Dodging
 - Level 2.4 Stealth
 + Level 6.5 Spellcasting
 + Level 7.8 Conjurations
 * Level 11.3 Fire Magic


You had 2 spell levels left.
You knew the following spells:

 Your Spells              Type           Power        Failure   Level
a - Foxfire               Conj/Fire      ####         1%          1
b - Conjure Flame         Conj/Fire      #####...     1%          3
c - Inner Flame           Hex/Fire       ####....     1%          3
d - Sticky Flame          Conj/Fire      #####...     1%          4
e - Fireball              Conj/Fire      #####.....   1%          5

Your spell library contained the following spells:

 Spells                   Type           Power        Failure   Level
 Mephitic Cloud           Conj/Pois/Air  ###.....     2%          3


Dungeon Overview and Level Annotations

Branches:
Dungeon (1/1)

Altars:
Ashenzari
Cheibriados
Dithmenos
Elyvilon
Fedhas
Gozag
Hepliaklqana
Kikubaaqudgha
Makhleb
Nemelex Xobeh
Okawaru
Qazlal
Ru
Sif Muna
Trog
Uskayaw
Vehumet
Wu Jian
Xom
Yredelemnul
Zin
The Shining One
Beogh
Jiyva
Lugonu


Message History

The spell is quite dangerous to cast (1% risk of failure)!
Continue anyway?
Press: ? - help, Shift-Dir - straight line, p - death cob The fireball explodes!
The fireball engulfs the death cob!!
The death cob is heavily damaged.
The death cob closely misses you. The death cob hits you!
Ouch! That really hurt!
The death cob drains your vigour!
You feel yourself slow down.
Unknown command.
Casting: Fireball (quite dangerous; 1% risk of failure)
Confirm with . or Enter, or press ? or * to list all spells.
You don't have enough magic to cast that spell.
You feel much better. The death cob hits you!!
Ouch! That really hurt!
The death cob drains your vigour!
You feel as though you will be slow longer.
The death cob barely misses you. The death cob closely misses you.
Magic courses through your body. The death cob barely misses you.
The death cob hits you!!
Ouch! That really hurt!
You die...

..# ###++########## ..#
..........##..# ..#
#..#......##..# y.#
..........''..# ..#
..........''..##########..#
#..#......##..............#
..........##....@z.sy.....#
###++######################
.# .# .# .# .# .# .#


You could see a death cob, a demonic crawler and a hornet.

Vanquished Creatures
  A floating eye (D)
  A soldier ant (D)
  A sky beast (D)
  2 centaurs (D)
  A gnoll (D)
  An adder (D)
  An ooze (D)
  2 adder skeletons (D)
  An adder zombie (D)
  A giant cockroach (D)
  A hobgoblin (D)
  A kobold (D)
  A bat (D)
  A rat (D)
16 creatures vanquished.

Vanquished Creatures (others)
  A quasit (D)
  57 foxfires (D)
58 creatures vanquished.

Grand Total: 74 creatures vanquished

Notes
Turn   | Place    | Note
-------+----------+-------------------------------------------
     0 | D        | rocky1 the Deep Elf Fire Elementalist began the quest for
                  | the Orb.
     0 | D        | Reached XP level 1. HP: 10/10 MP: 6/6
    20 | D        | Reached skill level 4 in Fire Magic
    20 | D        | Reached XP level 2. HP: 12/15 MP: 3/8
    26 | D        | Found a bloodstained altar of Trog.
    26 | D        | Found a shimmering blue altar of Sif Muna.
    26 | D        | Found a viscous altar of Jiyva.
    26 | D        | Found a hazy altar of Hepliaklqana.
    26 | D        | Found an opulent altar of Gozag.
    27 | D        | Found a glowing golden altar of the Shining One.
    27 | D        | Found a glowing silver altar of Zin.
    27 | D        | Found a basalt altar of Yredelemnul.
    27 | D        | Found a shimmering altar of Xom.
    27 | D        | Found an ornate altar of the Wu Jian Council.
    27 | D        | Found a sacrificial altar of Ru.
    27 | D        | Found a stormy altar of Qazlal.
    27 | D        | Found an iron altar of Okawaru.
    27 | D        | Found a sparkling altar of Nemelex Xobeh.
    27 | D        | Found a burning altar of Makhleb.
    27 | D        | Found a blossoming altar of Fedhas.
    27 | D        | Found a white marble altar of Elyvilon.
    27 | D        | Found a shadowy altar of Dithmenos.
    27 | D        | Found a snail-covered altar of Cheibriados.
    30 | D        | Found a corrupted altar of Lugonu.
    30 | D        | Found a radiant altar of Vehumet.
    30 | D        | Found a roughly hewn altar of Beogh.
    31 | D        | Found an ancient bone altar of Kikubaaqudgha.
    31 | D        | Found a hide-covered altar of Uskayaw.
    31 | D        | Found a broken altar of Ashenzari.
    39 | D        | Became a worshipper of Vehumet
    83 | D        | Noticed a floating eye
    91 | D        | Paralysed by a floating eye for 4 turns
    98 | D        | Paralysed by a floating eye for 2 turns
   101 | D        | Paralysed by a floating eye for 3 turns
   107 | D        | Paralysed by a floating eye for 4 turns
   111 | D        | Killed a floating eye
   112 | D        | Reached skill level 5 in Dodging
   112 | D        | Reached skill level 5 in Conjurations
   112 | D        | Reached skill level 7 in Fire Magic
   112 | D        | Reached XP level 3. HP: 7/19 MP: 6/10
   112 | D        | Reached XP level 4. HP: 8/24 MP: 7/12
   311 | D        | Learned a level 3 spell: Conjure Flame
   315 | D        | Learned a level 3 spell: Inner Flame
   320 | D        | Learned a level 4 spell: Sticky Flame
   328 | D        | Reached * piety under Vehumet
   328 | D        | Offered knowledge of Magic Dart by Vehumet.
   440 | D        | Reached skill level 8 in Fire Magic
   440 | D        | Reached ** piety under Vehumet
   516 | D        | Noticed a centaur
   547 | D        | Reached XP level 5. HP: 17/28 MP: 7/13
   550 | D        | Killed a centaur
   550 | D        | Offered knowledge of Sandblast by Vehumet.
   551 | D        | Reached skill level 9 in Fire Magic
   660 | D        | Reached *** piety under Vehumet
   828 | D        | Noticed a sky beast
   836 | D        | Killed a sky beast
   836 | D        | Offered knowledge of Dazzling Flash by Vehumet.
   837 | D        | Reached skill level 5 in Spellcasting
   837 | D        | Reached skill level 10 in Fire Magic
   837 | D        | Reached XP level 6. HP: 10/32 MP: 10/15
  1063 | D        | Offered knowledge of Mephitic Cloud by Vehumet.
  1070 | D        | Learned a level 5 spell: Fireball
  1075 | D        | Noticed an efreet
  1337 | D        | Noticed a soldier ant
  1340 | D        | Reached skill level 11 in Fire Magic
  1340 | D        | Killed a soldier ant
  1340 | D        | Reached **** piety under Vehumet
  1455 | D        | Noticed a death cob
  1455 | D        | Noticed a demonic crawler
  1455 | D        | Noticed a hornet
  1461 | D        | Demolished by a death cob

Illustrated notes

Levels and vault maps discovered:
D:        pitsprint [storerooms_1, entrance_room_1, metal_vault_4, armoury_2,
          mini_pit_1, grid_room_1, main_hall_1, silver_pit, the_coven_3,
          the_vestibule_1, steel_vault_2, golden_pit, hallway_of_sentries,
          crystal_vault_4, iron_vault_1, final_vault]

Skill      XL: |  1  2  3  4  5  6 |
---------------+-------------------+-----
Dodging        | 3 5 6 8 |  8.9
Conjurations   | 2 5 7 |  7.8
Fire Magic     | 4 7 8 10 11 | 11.3
Spellcasting   | 4 5 6 |  6.5
Stealth        | |  2.4

Action                   |  1- 3 |  4- 6 || total
-------------------------+-------+-------++-------
Melee: Quarterstaff      |     7 |    12 ||    19
 Cast: Foxfire           |     6 |    26 ||    32
       Fireball          |       |     6 ||     6
  Use: Potion            |       |     5 ||     5
       Scroll            |       |     1 ||     1
 Stab: Invisible         |       |     1 ||     1
Armor: Robe              |     3 |     4 ||     7
Dodge: Dodged            |     1 |    29 ||    30

Table legend: (Time is in decaauts)
 A = Elapsed time spent in this place.
 B = Non-inter-level travel time spent in this place.
 C = Inter-level travel time spent in this place.
 D = Time resting spent in this place.
 E = Time spent auto-exploring this place.
 F = Levels seen in this place.
 G = Mean time per level.
                   A        B        C        D        E       F      G
               +--------+--------+--------+--------+--------+-----+--------+
         Total |   1466 |   1466 |      0 |   1035 |      0 |   1 | 1466.0 |
       Dungeon |   1466 |   1466 |      0 |   1035 |      0 |   1 | 1466.0 |
               +--------+--------+--------+--------+--------+-----+--------+

Top non-repeatable levels by time:
       D: 1466 daAuts
